 Dungeon Crawl Stone Soup version 0.21.1-1-g345015f (webtiles) character file.

294 letownia2 the Magician (level 6, -3/44 HPs)
             Began as a Gnoll Wizard on Feb 13, 2018.
             Slain by an iguana (6 damage)
             ... on level 5 of the Dungeon.
             The game lasted 00:06:00 (882 turns).

letownia2 the Magician (Gnoll Wizard)                Turns: 882, Time: 00:06:01

Health: -3/44      AC:  4    Str: 11    XL:     6   Next: 33%
Magic:  5/16       EV: 14    Int: 20    God:
Gold:   58         SH:  0    Dex: 14    Spells: 12/19 levels left

rFire    . . .     SeeInvis .   f - +0 spear
rCold    . . .     Gourm    .   (no shield)
rNeg     . . .     Faith    .   j - +0 leather armour
rPois    .         Spirit   .   b - +0 hat
rElec    .         Reflect  .   l - scarf {cloud immunity}
rCorr    .         Harm     .   m - +0 pair of gloves
MR       .....                  (no boots)
Stlth    +++.......             (no amulet)
HPRegen  0.14/turn              (no ring)
MPRegen  0.15/turn              (no ring)

@: no status effects
A: distributed training, fangs 1, strong nose
a: no special abilities


You were on level 5 of the Dungeon.
You were not hungry.

You visited 1 branch of the dungeon, and saw 5 of its levels.

You collected 58 gold pieces.

Inventory:

Hand Weapons
 f - a +0 spear (weapon)
 n - a +0 hunting sling
 t - a cursed -3 war axe
 u - a +0 dagger
Missiles
 p - a throwing net (quivered)
Armour
 a - a +0 robe
 b - a +0 hat (worn)
 e - a +0 leather armour
 j - a +0 leather armour (worn)
 l - a scarf of cloud immunity (worn)
 m - a +0 pair of gloves (worn)
Scrolls
 g - a scroll of amnesia {unknown}
 h - 2 scrolls of identify {unknown}
 r - a scroll of magic mapping {unknown}
 s - 2 scrolls of remove curse {unknown}
Potions
 i - a potion of flight {unknown}
 k - 2 potions of haste {unknown}
 o - a potion of agility {unknown}
 q - a potion of mutation {unknown}
Books
 c - a book of Minor Magic

   Spells                             Type                      Level
   a - Magic Dart                     Conjuration                  1
   b - Blink                          Translocation                2
   c - Call Imp                       Summoning                    2
   d - Slow                           Hexes                        2
   e - Conjure Flame                  Conjuration/Fire             3
   f - Mephitic Cloud                 Conjuration/Poison/Air       3
Comestibles
 d - 4 rations


   Skills:
 + Level 1.9 Fighting
 + Level 1.9 Short Blades
 + Level 1.9 Long Blades
 + Level 1.9 Axes
 + Level 1.9 Maces & Flails
 + Level 1.9 Polearms
 + Level 1.9 Staves
 + Level 1.9 Slings
 + Level 1.9 Bows
 + Level 1.9 Crossbows
 + Level 1.9 Throwing
 + Level 1.9 Armour
 + Level 4.9 Dodging
 + Level 4.5 Stealth
 + Level 1.9 Shields
 + Level 1.9 Unarmed Combat
 + Level 7.4 Spellcasting
 + Level 2.6 Conjurations
 + Level 1.5 Hexes
 + Level 1.5 Charms
 + Level 2.6 Summonings
 + Level 1.5 Necromancy
 + Level 2.6 Translocations
 + Level 1.5 Transmutations
 + Level 1.5 Fire Magic
 + Level 1.5 Ice Magic
 + Level 1.5 Air Magic
 + Level 1.5 Earth Magic
 + Level 1.5 Poison Magic
 + Level 2.1 Invocations
 + Level 1.9 Evocations


You had 12 spell levels left.
You knew the following spells:

 Your Spells              Type           Power        Failure   Level  Hunger
a - Magic Dart            Conj           ###.         4%          1    None
c - Conjure Flame         Conj/Fire      ###.....     16%         3    #......
e - Mephitic Cloud        Conj/Pois/Air  ##......     17%         3    #......


Dungeon Overview and Level Annotations

Branches:
Dungeon (5/15)
 Temple: D:4-7

Altars:
Hepliaklqana
Xom

Annotations:
D:5 exclusion: crimson imp, letownia2's ghost, amateur GrWz


Innate Abilities, Weirdness & Mutations

Your experience applies equally to all skills.
You have very sharp teeth.
Your uncanny sense of smell can sniff out nearby items.


Message History

Aim: a giant cockroach (severely wounded, clinging)
The magic dart hits the giant cockroach.
You kill the giant cockroach!
Letownia2's ghost points at you and mumbles some strange words.
The magic dart hits you!
* * * LOW HITPOINT WARNING * * *
Unknown command.
You see here a giant cockroach corpse.
Letownia2's ghost points at you and mumbles some strange words.
The ball explodes into a vile cloud!
The stinking cloud engulfs you!
You hear a shout! x5
Letownia2's ghost whispers, "There is no future for you."
Unknown command.
Found 20 stones.
An iguana comes into view.
The iguana bites you!
* * * LOW HITPOINT WARNING * * *
Unknown command.
The iguana bites you.
You die...

#.#...## #..# #$#..... ##..#####
###.#....#### ... ... ...
#.....#### #.# #5# . ..
#.####.##....###.###.###....
....#..###.....†........<.......
=.....$†.†...#####...###.###....
....##.####..#######s###...# .
.. #.# ##W...@.##.....#.# #.#
##...l............. #.#
#...$............#.. #..
#.................... ##.
#................#... $
#....Y...........#
#................#
#.(...............
##..............#.


You could see a sky beast, an iguana and letownia2's ghost.

Vanquished Creatures
  A sky beast (D:5)
  A phantom (D:4)
  A hound (D:5)
  2 jellies (D:4)
  An ooze (D:1)
  2 leopard geckos
  3 orcs (D:4)
  2 giant cockroaches
  A goblin (D:1)
  An iguana (D:4)
  3 jackals (D:4)
  5 bats (D:1)
  A frilled lizard (D:2)
  A kobold (D:1)
  3 rats (D:1)
28 creatures vanquished.

Notes
Turn   | Place    | Note
-------+----------+-------------------------------------------
     0 | D:1      | letownia2 the Gnoll Wizard began the quest for the Orb.
     0 | D:1      | Reached XP level 1. HP: 13/13 MP: 8/8
    86 | D:1      | Reached XP level 2. HP: 19/19 MP: 5/10
   416 | D:4      | Found a shimmering altar of Xom.
   427 | D:4      | Found a hazy altar of Hepliaklqana.
   476 | D:4      | Noticed a phantom
   571 | D:4      | Killed a phantom
   571 | D:4      | Reached skill level 1 in Fighting
   571 | D:4      | Reached skill level 1 in Short Blades
   571 | D:4      | Reached skill level 1 in Long Blades
   571 | D:4      | Reached skill level 1 in Axes
   571 | D:4      | Reached skill level 1 in Maces & Flails
   571 | D:4      | Reached skill level 1 in Polearms
   571 | D:4      | Reached skill level 1 in Staves
   571 | D:4      | Reached skill level 1 in Slings
   571 | D:4      | Reached skill level 1 in Bows
   571 | D:4      | Reached skill level 1 in Crossbows
   571 | D:4      | Reached skill level 1 in Throwing
   571 | D:4      | Reached skill level 1 in Armour
   571 | D:4      | Reached skill level 1 in Shields
   571 | D:4      | Reached skill level 1 in Unarmed Combat
   571 | D:4      | Reached skill level 1 in Hexes
   571 | D:4      | Reached skill level 1 in Charms
   571 | D:4      | Reached skill level 1 in Necromancy
   571 | D:4      | Reached skill level 1 in Transmutations
   571 | D:4      | Reached skill level 1 in Fire Magic
   571 | D:4      | Reached skill level 1 in Ice Magic
   571 | D:4      | Reached skill level 1 in Air Magic
   571 | D:4      | Reached skill level 1 in Earth Magic
   571 | D:4      | Reached skill level 1 in Poison Magic
   571 | D:4      | Reached skill level 1 in Invocations
   571 | D:4      | Reached skill level 1 in Evocations
   571 | D:4      | Reached XP level 3. HP: 7/26 MP: 0/11
   571 | D:4      | Reached XP level 4. HP: 9/32 MP: 0/13
   576 | D:4      | Learned a level 3 spell: Mephitic Cloud
   580 | D:4      | Learned a level 3 spell: Conjure Flame
   601 | D:4      | Reached XP level 5. HP: 11/37 MP: 1/14
   779 | D:4      | Noticed a phantom
   831 | D:5      | Entered Level 5 of the Dungeon
   839 | D:5      | Noticed a sky beast
   858 | D:5      | Noticed a sky beast
   865 | D:5      | Noticed letownia2's ghost (amateur GrWz)
   866 | D:5      | Killed a sky beast
   866 | D:5      | Reached XP level 6. HP: 19/44 MP: 9/16
   880 | D:5      | HP: 2/44 [iguana (12)]
   882 | D:5      | Slain by an iguana

Skill      XL: |  1  2  3  4  5 |
---------------+----------------+-----
Conjurations   | 2 |  2.6
Summonings     | 2 |  2.6
Translocations | 2 |  2.6
Fighting       | 1 |  1.9
Short Blades   | 1 |  1.9
Long Blades    | 1 |  1.9
Axes           | 1 |  1.9
Maces & Flails | 1 |  1.9
Polearms       | 1 |  1.9
Staves         | 1 |  1.9
Slings         | 1 |  1.9
Bows           | 1 |  1.9
Crossbows      | 1 |  1.9
Throwing       | 1 |  1.9
Armour         | 1 |  1.9
Shields        | 1 |  1.9
Unarmed Combat | 1 |  1.9
Hexes          | 1 |  1.5
Charms         | 1 |  1.5
Necromancy     | 1 |  1.5
Transmutations | 1 |  1.5
Fire Magic     | 1 |  1.5
Ice Magic      | 1 |  1.5
Air Magic      | 1 |  1.5
Earth Magic    | 1 |  1.5
Poison Magic   | 1 |  1.5
Invocations    | 1 2 |  2.1
Evocations     | 1 |  1.9
Dodging        | |  4.9
Stealth        | |  4.5
Spellcasting   | |  7.4

Action                   |  1- 3 |  4- 6 || total
-------------------------+-------+-------++-------
Melee: Spear             |     9 |    26 ||    35
 Cast: Magic Dart        |    42 |    13 ||    55
       Conjure Flame     |       |     5 ||     5
       Mephitic Cloud    |       |     1 ||     1
 Stab: Sleeping          |     1 |       ||     1
Armor: Robe              |     2 |       ||     2
       Leather armour    |     1 |     5 ||     6
Dodge: Dodged            |    12 |    26 ||    38
